Map: [ESL] Hard Lead

Players

Highdra

  • Race: Protoss Protoss
  • League: Grandmaster
  • Spawn Location: 11:00

HeroMarine - Winner!

  • Race: Terran Terran
  • Spawn Location: 5:00

Event: HomeStory Cup XXIV

VOD

Have the link to the VOD?

Description

Time

  • Played on: Dec. 2, 2023, 12:06 p.m.
  • Length: 8:01

All games in this series

Show
View Real Time Build Order
Export as new Build Order

Highdra Protoss 

Build Orders: 1 Gate Expand, Blink Stalkers 

Get SALT Encoding   

  12  0:00  Probe  
  13  0:12  Probe  
  14  0:17  Pylon  
  14  0:24  Probe (Chrono Boost)  
  16  0:36  Probe (Chrono Boost)  
  16  0:37  Gateway  
  16  0:43  Probe (Chrono Boost)  
  16  0:45  Assimilator  
  17  0:51  Probe  
  18  1:03  Probe  
  19  1:24  Cybernetics Core  
  21  1:32  Nexus  
  19  1:40  Pylon  
  19  1:41  Probe  
  20  1:49  Assimilator  
  20  1:53  Probe  
  21  1:58  Adept (Chrono Boost)  
  21  2:02  Warp Gate  
  21  2:05  Probe  
  24  2:17  Probe  
  24  2:18  Stalker (Chrono Boost)  
  27  2:29  Probe  
  28  2:43  Twilight Council  
  29  2:44  Probe (Chrono Boost)  
  29  2:46  Probe (Chrono Boost)  
  30  2:53  Probe (Chrono Boost)  
  30  2:55  Gateway  
  30  2:56  Probe (Chrono Boost)  
  32  2:58  Probe (Chrono Boost)  
  33  3:06  Probe  
  33  3:11  Probe  
  35  3:14  Gateway  
  35  3:17  Blink (Chrono Boost)  
  35  3:18  Probe  
  36  3:23  Probe  
  37  3:30  Robotics Facility, Probe  
  38  3:35  Probe  
  38  3:36  Pylon  
  39  3:42  Probe  
  39  3:45  Assimilator  
  39  3:47  Probe  
  41  3:50  Stalker  
  41  3:51  Stalker  
  41  3:54  Probe  
  46  3:59  Probe  
  47  4:06  Probe  
  47  4:08  Pylon  
  48  4:13  Stalker x2  
  50  4:17  Probe  
  45  4:26  Probe (Chrono Boost)  
  45  4:29  Probe (Chrono Boost)  
  41  4:31  Warp Prism  
  41  4:38  Dark Shrine, Probe (Chrono Boost)  
  43  4:41  Probe (Chrono Boost)  
  44  4:47  Probe (Chrono Boost)  
  44  4:48  Probe (Chrono Boost)  
  44  4:52  Probe  
  46  4:55  Probe  
  46  4:58  Stalker x3  
  54  5:02  Pylon  
  54  5:04  Probe  
  55  5:08  Probe  
  56  5:16  Probe, Pylon  
  56  5:20  Probe  
  58  5:29  Probe  
  58  5:32  Probe  
  60  5:37  Nexus  
  60  5:41  Probe  
  61  5:44  Probe  
  62  5:53  Probe  
  62  5:55  Dark Templar x3  
  62  5:56  Probe  
  70  6:04  Assimilator  
  70  6:05  Probe  
  70  6:07  Robotics Bay  
  70  6:08  Probe  
  70  6:09  Forge  
  72  6:17  Probe  
  72  6:18  Pylon  
  71  6:20  Probe  
  71  6:29  Probe  
  71  6:31  Stalker  
  71  6:32  Probe, Stalker  
  68  6:41  Probe  
  68  6:44  Probe  
  70  6:50  Probe  
  70  6:51  Pylon  
  70  6:53  Dark Templar, Shield Battery  
  70  6:54  Probe  
  74  6:56  Probe  
  74  7:00  Colossus (Chrono Boost)  
  79  7:12  Zealot x2  
  79  7:22  Shield Battery  
  79  7:27  Probe  
  79  7:28  Gateway  
  80  7:30  Gateway  
  80  7:32  Gateway  
Show
View Real Time Build Order
Export as new Build Order

HeroMarine Terran - Winner!

Build Orders:  

Get SALT Encoding   

  12  0:00  SCV  
  13  0:12  SCV  
  14  0:16  Supply Depot  
  14  0:24  SCV  
  15  0:38  SCV  
  15  0:39  Barracks  
  15  0:42  Refinery  
  16  0:50  SCV  
  17  1:02  SCV  
  18  1:14  SCV  
  19  1:26  Orbital Command  
  20  1:36  Command Center  
  20  1:39  Marine  
  20  1:51  Factory  
  20  1:53  SCV  
  21  2:00  Refinery  
  21  2:01  Barracks Reactor  
  21  2:06  SCV  
  22  2:11  Supply Depot  
  22  2:18  SCV  
  23  2:32  SCV  
  23  2:35  Hellion, Starport  
  26  2:38  Marine x2  
  28  2:44  SCV  
  28  2:49  Orbital Command  
  29  2:56  Hellion  
  29  2:57  SCV  
  32  3:05  Marine  
  32  3:07  Marine  
  32  3:10  SCV  
  32  3:12  Medivac  
  37  3:17  Hellion  
  39  3:21  SCV  
  39  3:22  SCV  
  41  3:27  Supply Depot  
  41  3:30  Marine x2  
  41  3:33  SCV  
  44  3:34  SCV  
  44  3:39  Factory Tech Lab  
  45  3:42  Starport Tech Lab  
  45  3:45  SCV  
  46  3:48  SCV, Marine x2  
  46  3:55  Supply Depot  
  49  3:59  Siege Tank  
  54  4:03  Raven, Barracks  
  54  4:15  SCV  
  54  4:16  SCV, Marine  
  56  4:19  Marine  
  53  4:27  SCV  
  53  4:28  SCV  
  49  4:32  Siege Tank  
  49  4:34  Marine  
  49  4:37  Marine  
  50  4:38  Bunker  
  50  4:39  SCV  
  50  4:40  SCV  
  50  4:41  Barracks  
  50  4:42  Engineering Bay  
  50  4:43  Refinery  
  52  4:47  Supply Depot  
  52  4:51  Marine, SCV  
  55  4:52  SCV  
  55  4:54  Barracks, Marine  
  55  4:59  Marine  
  57  5:00  Stimpack  
  57  5:03  SCV  
  57  5:04  Siege Tank  
  57  5:05  SCV  
  62  5:09  Marine  
  62  5:10  Supply Depot, Refinery  
  62  5:12  Terran Infantry Weapons Level 1  
  63  5:15  SCV  
  63  5:16  Marine  
  63  5:17  SCV  
  63  5:19  Marine  
  67  5:25  Supply Depot  
  67  5:27  SCV, Marine  
  69  5:29  SCV  
  69  5:34  Marine  
  70  5:37  Marine  
  70  5:39  SCV  
  70  5:40  Starport Reactor  
  70  5:41  SCV  
  73  5:45  Marine  
  73  5:48  Combat Shield, Factory Reactor  
  73  5:52  Marine, SCV  
  73  5:53  SCV  
  73  5:56  Marauder x2  
  79  5:57  Supply Depot  
  79  6:03  Marine  
  80  6:05  Command Center  
  80  6:09  Missile Turret  
  80  6:12  Missile Turret  
  80  6:16  Marine  
  80  6:17  Marauder x2  
  83  6:21  Marine  
  83  6:22  SCV x2  
  77  6:34  Medivac, SCV x2  
  77  6:35  Medivac  
  77  6:39  Widow Mine  
  87  6:40  Widow Mine  
  87  6:42  Marauder  
  87  6:46  Marauder  
  91  6:47  Concussive Shells  
  91  6:49  SCV  
  91  6:50  SCV  
  93  6:56  Marine  
  93  7:00  Supply Depot  
  94  7:01  Supply Depot  
  94  7:05  Marine  
  93  7:13  Marine  
  93  7:17  SCV x2, Marauder x2  
  93  7:20  Orbital Command  
  97  7:23  Marine  
  97  7:24  Widow Mine x2  
  102  7:31  Marine  
  102  7:32  SCV  
  102  7:36  SCV  
Tags
 
Add a new tag
Caveats
  • Supply blocks, unpowered buildings, or Contaminate may cause inaccurate times.
  • Supply counts are checked every 10 seconds.